 Dungeon Crawl Stone Soup version 0.30-a0-937-ga0a21ad780 (webtiles) character file.

Game seed: 12674780944493570943

482 theswoord the Chopper (level 7, -14/61 HPs)
             Began as a Gargoyle Monk on Mar 24, 2023.
             Was a Believer of Wu Jian.
             Demolished by a two-headed ogre
             ... wielding a +0 giant spiked club
              (19 damage)
             ... on level 5 of the Dungeon.
             The game lasted 00:06:50 (3364 turns).

theswoord the Chopper (Gargoyle Monk)               Turns: 3364, Time: 00:06:50

Health: -14/61     AC: 23    Str: 17    XL:     7   Next: 12%
Magic:  7/7        EV:  2    Int: 10    God:    Wu Jian [**....]
Gold:   307        SH:  0    Dex: 12    Spells: 6/6 levels left

rFire   . . .      SeeInvis .    a - +0 hand axe
rCold   . . .      Faith    .    (no shield)
rNeg    + . .      Spirit   .    e - melded +0 plate armour
rPois   ∞          Reflect  .    (helmet currently unavailable)
rElec   .          Rampage  .    (cloak currently unavailable)
rCorr   .          NoTele   +    (gloves currently unavailable)
Will    .....                    (boots currently unavailable)
Stlth   ++                       (no amulet)
HPRegen 0.30/turn                (no ring)
MPRegen 0.10/turn                (no ring)

@: tree-form
A: stationary, stasis, torment immunity, boosted hp, sickness immunity, AC +4,
negative energy resistance 1, (electricity resistance), torment resistance 1,
petrification resistance
a: Renounce Religion, Wall Jump


You were on level 5 of the Dungeon.
You worshipped Wu Jian.
Wu Jian was pleased with you.
You were a tree.
You visited 2 branches of the dungeon, and saw 6 of its levels.
You also visited: Sewer.

You collected 307 gold pieces.

Inventory:

Hand Weapons
 a - a +0 hand axe (weapon)
Armour
 b - a +0 robe
 e - a +0 plate armour (melded)
 u - a +0 pair of gloves
Jewellery
 g - an amulet of faith
Scrolls
 f - 5 scrolls of identify
 m - a scroll of summoning
 q - a scroll of blinking
 r - a scroll of teleportation
 s - a scroll of magic mapping {unknown}
 t - a scroll of fog
Potions
 c - 2 potions of ambrosia
 d - a potion of degeneration
 h - 2 potions of might
 i - a potion of lignification
 j - a potion of brilliance
 k - a potion of magic
 n - a potion of mutation {unknown}
 o - a potion of cancellation {unknown}
 p - 2 potions of attraction {unknown}


   Skills:
 - Level 3.2 Fighting
 + Level 7.2 Axes
 - Level 2.4 Dodging
 - Level 2.1 Stealth


You had 6 spell levels left.
You didn't know any spells.
Your spell library was empty.

Dungeon Overview and Level Annotations

Branches:
Dungeon (5/15)             Temple (1/1) D:4           Sewer (visited)

Altars:
Ashenzari
Cheibriados
Fedhas
Gozag
Hepliaklqana
Nemelex Xobeh
Okawaru
Ru
Sif Muna
Vehumet
Wu Jian
Zin

Shops:
D:1 [


Innate Abilities, Weirdness & Mutations

You are a tree.
Your roots penetrate the ground, keeping you stationary.
You cannot be teleported.
You are immune to unholy pain and torment.
Your maximum health is greatly increased.
Your equipment is partially melded.
You are immune to sickness and miasma.
((Your stone body is resilient. (AC +4)))
You are immune to poison.
You resist negative energy. (rN+)
((You are resistant to electric shocks. (rElec)))
You are resistant to unholy torment.
You are immune to petrification.


Message History

There is a staircase back to the Dungeon here.
You climb upwards.
Welcome back to the Dungeon!
There is a staircase to the Ecumenical Temple here.
Done exploring.
Done exploring.
(D) Dungeon (T) Temple
Where to? (Enter - D:4, ? - help)
There is a stone staircase leading down here.
You climb downwards.
There is a stone staircase leading up here.
A two-headed ogre comes into view.
It is wielding a +0 giant spiked club and a +0 giant club.
The two-headed ogre shouts in stereo!
A two-headed ogre is nearby!
A two-headed ogre is nearby!
Okay, then.
You hit the two-headed ogre.
The two-headed ogre hits you with a +0 giant spiked club!
The two-headed ogre hits you with a +0 giant club.
You hit the two-headed ogre but do no damage.
You hit the two-headed ogre.
The two-headed ogre hits you with a +0 giant spiked club.
The two-headed ogre hits you but does no damage.
You hit the two-headed ogre. You hit the two-headed ogre.
The two-headed ogre hits you with a +0 giant spiked club!
* * * LOW HITPOINT WARNING * * *
The two-headed ogre hits you with a +0 giant club!
* * * LOW HITPOINT WARNING * * *
You feel much better.
The two-headed ogre hits you with a +0 giant spiked club!
* * * LOW HITPOINT WARNING * * *
The two-headed ogre hits you with a +0 giant club!
* * * LOW HITPOINT WARNING * * *
Really quaff the potion of lignification?
You turn into a tree.
Your +0 plate armour melds into your body.
Your roots penetrate the ground.
You hit the two-headed ogre.
The two-headed ogre hits you with a +0 giant spiked club!!
You die...

######.####
#..♣O......
#.####.####
#.# #<# #.#
#.# #.# #.#
#.#


You could see a two-headed ogre.

Vanquished Creatures
  A water moccasin (Sewer)
  A phantom (D:3)
  An iron imp (D:4)
  An orc wizard (D:4)
  3 gnolls (D:4)
  5 adders
  2 river rats (D:4)
  2 worms (D:2)
  2 dart slugs
  4 orcs (D:4)
  7 ball pythons
  5 endoplasms
  3 giant cockroaches
  10 goblins
  3 hobgoblins
  5 jackals
  7 kobolds
  10 quokkas
  3 bats
  10 frilled lizards
  12 rats
97 creatures vanquished.

Vanquished Creatures (collateral kills)
  A gnoll bouda (D:4)
  2 gnolls (D:4)
3 creatures vanquished.

Grand Total: 100 creatures vanquished

Notes
Turn   | Place    | Note
-------+----------+-------------------------------------------
     0 | D:1      | theswoord the Gargoyle Monk began the quest for the Orb.
     0 | D:1      | Reached XP level 1. HP: 14/14 MP: 1/1
    47 | D:1      | Reached skill level 3 in Axes
    91 | D:1      | You fall into a shaft and drop 1 floor!
   108 | D:2      | Reached XP level 2. HP: 19/19 MP: 2/2
   343 | D:1      | Found Fegidof's Armour Boutique.
   351 | D:1      | Reached XP level 3. HP: 21/23 MP: 3/3
   920 | D:2      | Reached skill level 4 in Axes
  1052 | D:2      | Reached XP level 4. HP: 28/28 MP: 4/4
  1116 | D:2      | Found a snail-covered altar of Cheibriados.
  1748 | D:3      | Noticed a phantom
  1769 | D:3      | Killed a phantom
  1770 | D:3      | Reached skill level 5 in Axes
  1770 | D:3      | Reached XP level 5. HP: 21/32 MP: 5/5
  2174 | D:4      | Reached XP level 6. HP: 16/37 MP: 6/6
  2214 | D:4      | Reached skill level 6 in Axes
  2216 | D:4      | Found a glowing drain.
  2220 | Sewer    | Entered a sewer
  2317 | Sewer    | Noticed a water moccasin
  2330 | Sewer    | Killed a water moccasin
  2595 | D:4      | Reached skill level 7 in Axes
  2595 | D:4      | Reached XP level 7. HP: 38/41 MP: 7/7
  3005 | D:4      | Found a snail-covered altar of Cheibriados.
  3125 | D:4      | Found a staircase to the Ecumenical Temple.
  3271 | Temple   | Entered the Ecumenical Temple
  3323 | Temple   | Became a worshipper of the Wu Jian Council
  3323 | Temple   | Reached * piety under Wu Jian
  3323 | Temple   | Reached ** piety under Wu Jian
  3352 | D:5      | Entered Level 5 of the Dungeon
  3354 | D:5      | Noticed a two-headed ogre
  3362 | D:5      | HP: 2/41 [two-headed ogre/+0 giant spiked club (14)]
  3364 | D:5      | Demolished by a two-headed ogre

Skill      XL: |  1  2  3  4  5  6 |
---------------+-------------------+-----
Axes           | 3 4 5 7 |  7.2
Fighting       | |  3.2
Dodging        | |  2.4
Stealth        | |  2.1

Action                     |  1- 3 |  4- 6 |  7- 9 || total
---------------------------+-------+-------+-------++-------
  Melee: Hand axe          |   104 |   187 |    46 ||   337
         Punch             |       |     1 |     1 ||     2
    Use: Scroll            |     4 |    12 |     1 ||    17
         Potion            |       |       |     2 ||     2
 Armour: Robe              |    12 |       |       ||    12
         Plate armour      |    62 |   136 |    24 ||   222
  Dodge: Dodged            |    35 |    46 |    10 ||    91

Levels and vault maps discovered:
D:1:      eino_arrival_cavern_b, layout_loops_corners, serial_shops,
          nicolae_shop_competitors_out_of_business
D:2:      layout_rooms, basic_altar, chequers_serial_rivers_micro_d
D:3:      layout_rooms
D:4:      layout_loops_ring, slow_altar_2, minmay_temple_entry_poolview,
          gup_sewer_entry_spiral
D:5:      layout_loops_ring, kennysheep_generic_room_16
Temple:   nicolae_temple_ecumenical_triangle
